 Dungeon Crawl Stone Soup version 0.30-a0-509-gd016549fea (webtiles) character file.

Game seed: 9607871544224811398

904 Jase the Covert (level 8, -6/40 (44) HPs)
             Began as a Kobold Brigand on Dec 22, 2022.
             Mangled by a wight
             ... wielding a +5 morningstar
              (12 damage)
             ... on level 6 of the Dungeon.
             The game lasted 00:12:11 (5069 turns).

Jase the Covert (Kobold Brigand)                    Turns: 5069, Time: 00:12:12

HP:   -6/40 (44)    AC:  7    Str:  8    XL:     8   Next: 29%
MP:   0/17          EV: 17    Int: 15    God:
Gold: 231           SH:  0    Dex: 16    Spells: 7/7 levels left

rFire   . . .      SeeInvis .    a - +2 dagger
rCold   . . .      Faith    .    (no shield)
rNeg    . . .      Spirit   +    s - +2 robe {Will+}
rPois   .          Reflect  .    i - +0 helmet
rElec   .          Harm     .    c - +0 cloak
rCorr   .          Rampage  .    o - +0 pair of gloves
Will    +....                    (no boots)
Stlth   +++++.....               x - amulet of guardian spirit
HPRegen 0.26/turn                B - ring of magical power
MPRegen 0.15/turn                (no ring)

@: drained
A: small, no large weapons, nightstalker 3
a: no special abilities


You were on level 6 of the Dungeon.
You visited 1 branch of the dungeon, and saw 6 of its levels.

You collected 231 gold pieces.

Inventory:

Hand Weapons
 a - a +2 dagger (weapon)
 b - a +0 short sword
Missiles
 d - 22 poisoned darts (quivered)
 k - 80 stones
 D - 6 boomerangs
 H - 3 curare-tipped darts
Armour
 c - a +0 cloak (worn)
 i - a +0 helmet (worn)
 l - a +0 ring mail of fire resistance
 o - a +0 pair of gloves (worn)
 s - a +2 robe of willpower (worn)
Magical Staves
 G - a staff of death
Jewellery
 x - an amulet of guardian spirit (around neck)
 B - a ring of magical power (left hand)
Wands
 r - a wand of flame (14)
 y - a wand of polymorph (3)
 z - a wand of iceblast (14)
Scrolls
 f - 2 scrolls of magic mapping {unknown}
 g - 5 scrolls of identify {unknown}
 p - a scroll of fear {unknown}
 t - a scroll of fog {unknown}
 u - 4 scrolls of teleportation {unknown}
 v - a scroll of immolation {unknown}
 w - a scroll of vulnerability {unknown}
 C - a scroll of poison {unknown}
 F - a scroll of blinking {unknown}
Potions
 e - a potion of cancellation {unknown}
 h - a potion of degeneration {unknown}
 j - 2 potions of curing {unknown}
 m - a potion of mutation {unknown}
 n - 2 potions of flight {unknown}
 q - 2 potions of attraction {unknown}
 A - 2 potions of berserk rage {unknown}
 E - a potion of magic {unknown}


   Skills:
 - Level 2.1 Fighting
 + Level 6.8 Short Blades
 - Level 3.0 Throwing
 - Level 2.0 Armour
 + Level 5.7 Dodging
 + Level 8.6 Stealth


You had 7 spell levels left.
You didn't know any spells.
Your spell library contained the following spells:

 Spells                   Type           Power      Damage    Failure   Level
 Apportation              Tloc           0%         N/A       26%         1
 Freeze                   Ice            0%         1d3       26%         1
 Necrotise                Necr           0%         1d4       26%         1
 Summon Small Mammal      Summ           0%         N/A       26%         1
 Frozen Ramparts          Ice            0%         1d1       63%         3
 Hailstorm                Conj/Ice       0%         3d3       63%         3
 Animate Dead             Necr           0%         N/A       95%         4
 Haunt                    Necr/Summ      0%         N/A       100%        7
 Infestation              Necr           0%         N/A       100%        8


Dungeon Overview and Level Annotations

Branches:
Dungeon (6/15)
 Temple: D:4-7

Altars:
Sif Muna
Vehumet

Shops:
D:1 [   D:5 (


Innate Abilities, Weirdness & Mutations

You are small and have problems with some larger weapons.
You are completely attuned to the shadows.


Message History

The wight is lightly damaged.
The wight closely misses you.
You closely miss the wight.
The wight is lightly damaged.
The wight barely misses you.
You hit the wight but do no damage.
The wight is lightly damaged.
You hit the wight but do no damage.
The wight is lightly damaged.
The wight hits you with a +5 morningstar!
You feel drained.
You hit the wight but do no damage.
The wight is lightly damaged.
The wight barely misses you.
You hit the wight but do no damage.
The wight is lightly damaged.
The wight hits you with a +5 morningstar!
You hit the wight but do no damage.
The wight is lightly damaged.
You closely miss the wight.
The wight is lightly damaged.
The wight hits you with a +5 morningstar!
You feel drained.
You hit the wight but do no damage.
The wight is lightly damaged.
You completely miss the wight.
The wight is lightly damaged.
The wight misses you.
You hit the wight but do no damage.
The wight is lightly damaged.
The wight hits you with a +5 morningstar!
* * * LOW HITPOINT WARNING * * *
You feel drained.
* * * LOW HITPOINT WARNING * * *
You hit the wight.
The wight is lightly damaged.
You hit the wight.
The wight is lightly damaged.
The wight hits you with a +5 morningstar!
You die...

### ########.#
#........#
#.######.# #.# #.#
#.# #.#
###########.# ###)#
..........#'####...#
..<............#@###
...............#z#
...............#.#
########.......#.#
........####.#
#######.# #.# ###
#.# #)###.
#########.....


You could see a wight.

Vanquished Creatures
  An ice beast (D:5)
  A necrophage (D:5)
  3 scorpions
  4 wights (D:6)
  A howler monkey (D:5)
  An orc priest (D:3)
  Jessica (D:3)
  A gnoll bouda (D:5)
  An iguana (D:4)
  An orc wizard (D:3)
  6 adders
  5 gnolls
  A white imp (D:5)
  A worm (D:5)
  4 dart slugs
  11 orcs
  7 ball pythons
  2 endoplasms
  3 giant cockroaches
  3 goblins
  8 hobgoblins
  2 quokkas (D:1)
  7 bats
  3 frilled lizards (D:3)
  5 kobolds
  5 rats
88 creatures vanquished.

Notes
Turn   | Place    | Note
-------+----------+-------------------------------------------
     0 | D:1      | Jase the Kobold Brigand began the quest for the Orb.
     0 | D:1      | Reached XP level 1. HP: 12/12 MP: 1/1
   203 | D:1      | Found Balevof's Armour Shoppe.
   293 | D:1      | Reached XP level 2. HP: 17/17 MP: 2/2
   794 | D:1      | Reached XP level 3. HP: 21/21 MP: 3/3
  1958 | D:3      | Reached XP level 4. HP: 16/26 MP: 4/4
  2074 | D:3      | Noticed Jessica
  2078 | D:3      | Killed Jessica
  2079 | D:3      | Reached skill level 6 in Stealth
  2079 | D:3      | Found a radiant altar of Vehumet.
  2221 | D:3      | Reached XP level 5. HP: 30/30 MP: 5/5
  2259 | D:3      | Reached skill level 1 in Armour
  2332 | D:3      | Found a shimmering blue altar of Sif Muna.
  2805 | D:4      | Reached XP level 6. HP: 35/35 MP: 6/6
  3664 | D:5      | Entered Level 5 of the Dungeon
  3684 | D:4      | Reached skill level 7 in Stealth
  3811 | D:5      | Reached skill level 5 in Short Blades
  3942 | D:5      | Reached XP level 7. HP: 34/40 MP: 7/7
  4104 | D:5      | Found Gum Tiupn's Weapon Boutique.
  4445 | D:5      | Reached skill level 5 in Dodging
  4445 | D:5      | Reached skill level 8 in Stealth
  4588 | D:5      | Identified the +9 war axe of Fedhas's Felicitations {venom,
                  | rCorr}
  4828 | D:6      | Reached XP level 8. HP: 44/44 MP: 8/8
  5069 | D:6      | Mangled by a wight

Illustrated notes

Levels and vault maps discovered:
D:1:      minmay_arrival_radiant_lines, layout_loops_corners, serial_shops,
          shop, amcnicky_mini_rare_corridor_liquid
D:2:      layout_basic
D:3:      layout_loops_ring, mainiacjoe_overflow_catwalk, vehumet_altar_wand_db,
          hangedman_decor_points, uniq_jessica
D:4:      layout_basic
D:5:      layout_cave_pools, serial_shops, shop_statue
D:6:      layout_basic, minmay_pentangle

Skill      XL: |  1  2  3  4  5  6  7 |
---------------+----------------------+-----
Short Blades   | 3 4 5 6 |  6.8
Dodging        | 2 3 4 5 |  5.7
Throwing       | 3 |  3.0
Stealth        | 6 7 8 |  8.6
Armour         | 1 2 |  2.0
Fighting       | |  2.1

Action                   |  1- 3 |  4- 6 |  7- 9 || total
-------------------------+-------+-------+-------++-------
Melee: Dagger            |    61 |   133 |   109 ||   303
       Short sword       |    21 |       |       ||    21
       Punch             |       |     1 |     1 ||     2
Throw: Dart              |     2 |       |     5 ||     7
 Stab: Sleeping          |    23 |    23 |     9 ||    55
Armor: Robe              |     8 |    14 |     6 ||    28
       Ring mail         |     4 |     1 |       ||     5
Dodge: Dodged            |    37 |    64 |    47 ||   148

Table legend: (Time is in decaauts)
 A = Elapsed time spent in this place.
 B = Non-inter-level travel time spent in this place.
 C = Inter-level travel time spent in this place.
 D = Time resting spent in this place.
 E = Time spent auto-exploring this place.
 F = Levels seen in this place.
 G = Mean time per level.
                   A        B        C        D        E       F      G
               +--------+--------+--------+--------+--------+-----+--------+
         Total |   4987 |   4775 |    212 |    530 |   3369 |   6 |  831.2 |
       Dungeon |   4987 |   4775 |    212 |    530 |   3369 |   6 |  831.2 |
               +--------+--------+--------+--------+--------+-----+--------+

Top non-repeatable levels by time:
     D:1: 1111 daAuts
     D:5: 1017 daAuts
     D:4: 983 daAuts
     D:3: 853 daAuts
     D:2: 747 daAuts
     D:6: 273 daAuts
